NCAA
INDIANA HOOSIERS @ LOUISVILLE CARDINALS
05/06/2025
 
TOP OF THE 1ST
Indiana Hoosiers batting - Pitching for Louisville Cardinals : LHP Salvador Pérez
Pitching: LHP Salvador Pérez
Batting: RHB Wayne Carter 0-0: Swinging Strike
0-1: Ball
1-1: Ball
2-1: SINGLE (Groundball, 3D)
Batting: LHB Randy Ortíz 0-0: Ball
Wayne Carter steals 2nd base
1-0: Foul Ball, location: 2F
1-1: Ball
2-1: Foul Ball, location: 2F
2-2: Foul Ball, location: 2F
2-2: Foul Ball, location: 2F
2-2: Foul Ball, location: 2F
2-2: Foul Ball, location: 2F
2-2: Foul Ball, location: 2F
2-2: SINGLE (Flyball, 8LS)
Wayne Carter to third
Batting: RHB Gus Bryant 0-0: Ball
1-0: Fielders Choice at 2nd, 5-4 (Groundball, 5)
Wayne Carter scores
Batting: RHB Stephen Concepción 0-0: Ball
1-0: Ball
2-0: Called Strike
2-1: Ball
3-1: Called Strike
3-2: Base on Balls
Gus Bryant to second
Batting: RHB Mark Chamberlin 0-0: Foul Ball, location: 2F
0-1: Ball
1-1: Ball
2-1: Called Strike
2-2: Fly out, F9 (Flyball, 89M)
Batting: RHB Tom McCoy 0-0: Ball
1-0: Called Strike
1-1: Ball
2-1: Fielders Choice at 2nd, U4 (Groundball, 4M)
Top of the 1st over - 1 run(s), 2 hit(s), 0 error(s), 2 left on base; Indiana 1 - Louisville 0
BOTTOM OF THE 1ST
Louisville Cardinals batting - Pitching for Indiana Hoosiers : RHP John Turner
Pitching: RHP John Turner
Batting: RHB Albert Valancía 0-0: Ground out 4-3 (Groundball, 4)
Batting: RHB James Everhart 0-0: Ball
1-0: Ground out 6-3 (Groundball, 6)
Batting: LHB Donovan Myers 0-0: Ball
1-0: Ground out 5-3 (Groundball, 15S)
Bottom of the 1st over - 0 run(s), 0 hit(s), 0 error(s), 0 left on base; Indiana 1 - Louisville 0
TOP OF THE 2ND
Indiana Hoosiers batting - Pitching for Louisville Cardinals : LHP Salvador Pérez
Batting: LHB Dave Joyner 0-0: Swinging Strike
0-1: Swinging Strike
0-2: Ball
1-2: Ball
2-2: Strikes out looking
Batting: SHB Terry Christian 0-0: Called Strike
0-1: Fly out, F7 (Line Drive, 78M)
Batting: RHB Armando Bernard 0-0: Called Strike
0-1: Called Strike
0-2: Foul Ball, location: 2F
0-2: Strikes out looking
Top of the 2nd over - 0 run(s), 0 hit(s), 0 error(s), 0 left on base; Indiana 1 - Louisville 0
BOTTOM OF THE 2ND
Louisville Cardinals batting - Pitching for Indiana Hoosiers : RHP John Turner
Batting: RHB José González 0-0: Ball
1-0: Swinging Strike
1-1: Called Strike
1-2: Strikes out swinging
Batting: RHB Doug Burke 0-0: Called Strike
0-1: Foul Ball, location: 2F
0-2: Foul Ball, location: 2F
0-2: Foul Ball, location: 2F
0-2: Strikes out swinging
Batting: RHB Albert Galindo 0-0: Ball
1-0: Ball
2-0: Foul Ball, location: 2F
2-1: Called Strike
2-2: Ground out 1-3 (Groundball, 13S)
Bottom of the 2nd over - 0 run(s), 0 hit(s), 0 error(s), 0 left on base; Indiana 1 - Louisville 0
TOP OF THE 3RD
Indiana Hoosiers batting - Pitching for Louisville Cardinals : LHP Salvador Pérez
Batting: RHB Wayne Carter 0-0: Ball
1-0: Ball
2-0: Ball
3-0: Called Strike
3-1: Base on Balls
Batting: LHB Randy Ortíz 0-0: Ball
1-0: Foul Ball, location: 2F
1-1: Called Strike
1-2: Ball
2-2: SINGLE (Groundball, 56D)
Wayne Carter to second
Batting: RHB Gus Bryant 0-0: Grounds into double play, 5-4-3 (Groundball, 56)
Wayne Carter to third
Batting: RHB Stephen Concepción 0-0: Ball
1-0: Swinging Strike
1-1: Foul Ball, location: 2F
1-2: Ground out 5-3 (Groundball, 5)
Top of the 3rd over - 0 run(s), 1 hit(s), 0 error(s), 1 left on base; Indiana 1 - Louisville 0
BOTTOM OF THE 3RD
Louisville Cardinals batting - Pitching for Indiana Hoosiers : RHP John Turner
Batting: RHB Jack Crossey 0-0: Fly out, F9 (Flyball, 9M)
Batting: RHB Mathew Mullen 0-0: Swinging Strike
0-1: Foul Ball, location: 2F
0-2: Ball
1-2: DOUBLE (Line Drive, 7LS)
Batting: RHB Iván Díaz 0-0: Called Strike
0-1: SINGLE (Line Drive, 56D)
Mathew Mullen to third
Batting: RHB Albert Valancía 0-0: Fielders Choice at 2nd, 2-6 (Groundball, 2L)
Batting: RHB James Everhart 0-0: Called Strike
0-1: Called Strike
0-2: Ball
1-2: SINGLE (Line Drive, 9S)
Mathew Mullen scores
Albert Valancía to second
Batting: LHB Donovan Myers 0-0: Fielders Choice at 2nd, U4 (Groundball, 4M)
Bottom of the 3rd over - 1 run(s), 3 hit(s), 0 error(s), 2 left on base; Indiana 1 - Louisville 1
TOP OF THE 4TH
Indiana Hoosiers batting - Pitching for Louisville Cardinals : LHP Salvador Pérez
Batting: RHB Mark Chamberlin 0-0: Called Strike
0-1: Foul Ball, location: 2F
0-2: Ball
1-2: Strikes out swinging
Batting: RHB Tom McCoy 0-0: Foul Ball, location: 2F
0-1: Ball
1-1: Foul Ball, location: 2F
1-2: Ball
2-2: Ground out 5-3 (Groundball, 15S)
Batting: LHB Dave Joyner 0-0: Called Strike
0-1: Ball
1-1: Ball
2-1: Ball
3-1: Base on Balls
Batting: SHB Terry Christian 0-0: Ball
1-0: Ball
2-0: Called Strike
2-1: SINGLE (Flyball, 8RS)
Dave Joyner to second
Batting: RHB Armando Bernard 0-0: SINGLE (Groundball, 56D)
Dave Joyner to third
Terry Christian to second
Batting: RHB Wayne Carter 0-0: Called Strike
0-1: Ball
1-1: Ground out 6-3 (Groundball, 6)
Top of the 4th over - 0 run(s), 2 hit(s), 0 error(s), 3 left on base; Indiana 1 - Louisville 1
BOTTOM OF THE 4TH
Louisville Cardinals batting - Pitching for Indiana Hoosiers : RHP John Turner
Batting: RHB José González 0-0: Called Strike
0-1: Called Strike
0-2: Ball
1-2: Ball
2-2: Foul Ball, location: 2F
2-2: Foul Ball, location: 2F
2-2: Strikes out swinging
Batting: RHB Doug Burke 0-0: Ball
1-0: Ground out 4-3 (Groundball, 4)
Batting: RHB Albert Galindo 0-0: Ball
1-0: Ball
2-0: Swinging Strike
2-1: Foul Ball, location: 2F
2-2: Ball
3-2: Base on Balls
Batting: RHB Jack Crossey 0-0: Called Strike
0-1: Ball
1-1: Ball
2-1: Ball
3-1: Swinging Strike
3-2: Fly out, F6 (Popup, 6)
Bottom of the 4th over - 0 run(s), 0 hit(s), 0 error(s), 1 left on base; Indiana 1 - Louisville 1
TOP OF THE 5TH
Indiana Hoosiers batting - Pitching for Louisville Cardinals : LHP Salvador Pérez
Batting: LHB Randy Ortíz 0-0: Ball
1-0: Ball
2-0: Foul Ball, location: 2F
2-1: Ball
3-1: Base on Balls
Pitching: RHP Vincent Wolfe
Batting: RHB Gus Bryant 0-0: Called Strike
0-1: Ball
1-1: Ball
2-1: Fly out, F8 (Flyball, 8LM)
Batting: RHB Stephen Concepción 0-0: SINGLE (Line Drive, 78M)
Randy Ortíz to second
Batting: RHB Mark Chamberlin 0-0: SINGLE (Line Drive, 8LS)
Randy Ortíz to third
Stephen Concepción to second
Batting: RHB Tom McCoy 0-0: Ball
1-0: Ball
2-0: Called Strike
2-1: Swinging Strike
2-2: Foul Ball, location: 2F
2-2: Foul Ball, location: 2F
2-2: SINGLE (Line Drive, 89S)
Randy Ortíz scores
Stephen Concepción to third
Mark Chamberlin to second
Runner from 3rd tries for Home, SAFE, no throw or cutoff
Batting: LHB Dave Joyner 0-0: Called Strike
0-1: Ball
1-1: Fly out, F7 (Popup, 7LS)
Batting: SHB Terry Christian 0-0: Ball
1-0: Ball
2-0: Called Strike
2-1: Ball
3-1: Base on Balls
Mark Chamberlin to third
Tom McCoy to second
Batting: RHB Armando Bernard 0-0: Called Strike
0-1: Reached on error, E5 (Groundball, 56)
Mark Chamberlin scores
Tom McCoy to third
Terry Christian to second
Batting: RHB Wayne Carter 0-0: Foul Ball, location: 2F
0-1: Ball
1-1: Foul Ball, location: 2F
1-2: Ball
2-2: Strikes out swinging
Top of the 5th over - 3 run(s), 3 hit(s), 1 error(s), 3 left on base; Indiana 4 - Louisville 1
BOTTOM OF THE 5TH
Louisville Cardinals batting - Pitching for Indiana Hoosiers : RHP John Turner
Batting: RHB Mathew Mullen 0-0: Swinging Strike
0-1: Ball
1-1: Ball
2-1: Fly out, F8 (Flyball, 8RM)
Batting: RHB Iván Díaz 0-0: Ball
1-0: Called Strike
1-1: Ball
2-1: Ball
3-1: Foul Ball, location: 2F
3-2: Base on Balls
Batting: RHB Albert Valancía 0-0: Ball
1-0: Swinging Strike
1-1: Fly out, F3 (Popup, 13S)
Batting: RHB James Everhart 0-0: Fly out, F9 (Flyball, 9M)
Bottom of the 5th over - 0 run(s), 0 hit(s), 0 error(s), 1 left on base; Indiana 4 - Louisville 1
TOP OF THE 6TH
Indiana Hoosiers batting - Pitching for Louisville Cardinals : RHP Vincent Wolfe
Batting: LHB Randy Ortíz 0-0: Swinging Strike
0-1: Called Strike
0-2: Ball
1-2: Ball
2-2: Foul Ball, location: 2F
2-2: Fly out, F7 (Line Drive, 78S)
Batting: RHB Gus Bryant 0-0: Ground out 6-3 (Groundball, 56)
Batting: RHB Stephen Concepción 0-0: Fly out, F9 (Flyball, 9LMF)
Top of the 6th over - 0 run(s), 0 hit(s), 0 error(s), 0 left on base; Indiana 4 - Louisville 1
BOTTOM OF THE 6TH
Louisville Cardinals batting - Pitching for Indiana Hoosiers : RHP John Turner
Batting: LHB Donovan Myers 0-0: Ball
1-0: Ball
2-0: Fly out, F4 (Line Drive, 4)
Batting: RHB José González 0-0: SINGLE (Groundball, 56D)
Batting: RHB Doug Burke 0-0: Ball
1-0: Grounds into double play, U6-3 (Groundball, 6M)
Bottom of the 6th over - 0 run(s), 1 hit(s), 0 error(s), 0 left on base; Indiana 4 - Louisville 1
TOP OF THE 7TH
Indiana Hoosiers batting - Pitching for Louisville Cardinals : RHP Vincent Wolfe
Pitching: RHP Luis Jaramillo
Batting: RHB Mark Chamberlin 0-0: Called Strike
0-1: Called Strike
0-2: Ball
1-2: Ball
2-2: Strikes out swinging
Batting: RHB Tom McCoy 0-0: Ball
1-0: Foul Ball, location: 2F
1-1: Ball
2-1: Swinging Strike
2-2: Ball
3-2: Base on Balls
Batting: LHB Dave Joyner 0-0: Called Strike
0-1: Swinging Strike
0-2: Strikes out swinging
Batting: SHB Terry Christian 0-0: Called Strike
0-1: Foul Ball, location: 2F
0-2: Ball
1-2: Foul Ball, location: 2F
1-2: Strikes out swinging
Top of the 7th over - 0 run(s), 0 hit(s), 0 error(s), 1 left on base; Indiana 4 - Louisville 1
BOTTOM OF THE 7TH
Louisville Cardinals batting - Pitching for Indiana Hoosiers : RHP John Turner
Batting: RHB Albert Galindo 0-0: Ball
1-0: Called Strike
1-1: Ball
2-1: Ball
3-1: Foul Ball, location: 2F
3-2: Foul Ball, location: 2F
3-2: Base on Balls
Pitching: RHP Brian Atkins
Batting: RHB Jack Crossey 0-0: Called Strike
0-1: Ball
1-1: Ball
2-1: Ball
3-1: Grounds into double play, 5-4-3 (Groundball, 5)
Batting: RHB Mathew Mullen 0-0: Called Strike
0-1: Ball
1-1: SINGLE (Groundball, 56D)
Batting: RHB Iván Díaz 0-0: Ball
Mathew Mullen is caught stealing 2nd base
Bottom of the 7th over - 0 run(s), 1 hit(s), 0 error(s), 0 left on base; Indiana 4 - Louisville 1
TOP OF THE 8TH
Indiana Hoosiers batting - Pitching for Louisville Cardinals : RHP Luis Jaramillo
Batting: RHB Armando Bernard 0-0: Ball
1-0: Ball
2-0: Foul Ball, location: 2F
2-1: Ground out 6-3 (Groundball, 56S)
Batting: RHB Wayne Carter 0-0: Called Strike
0-1: SOLO HOME RUN (Flyball, 9LD), Distance : 315 ft
Batting: LHB Randy Ortíz 0-0: Ball
1-0: Foul Ball, location: 2F
1-1: Foul Ball, location: 2F
1-2: Foul Ball, location: 2F
1-2: Strikes out swinging
Batting: RHB Gus Bryant 0-0: SINGLE (Groundball, 56)
Batting: RHB Stephen Concepción 0-0: Fly out, F9 (Flyball, 9M)
Top of the 8th over - 1 run(s), 2 hit(s), 0 error(s), 1 left on base; Indiana 5 - Louisville 1
BOTTOM OF THE 8TH
Louisville Cardinals batting - Pitching for Indiana Hoosiers : RHP Brian Atkins
Batting: RHB Iván Díaz 0-0: Hit by Pitch
Batting: RHB Albert Valancía 0-0: Fly out, F7 (Flyball, 78M)
Batting: RHB James Everhart 0-0: Ball
1-0: Called Strike
1-1: Ball
2-1: Ball
3-1: Foul Ball, location: 2F
3-2: Fly out, F6 (Popup, 56D)
Batting: LHB Donovan Myers 0-0: Fly out, F8 (Flyball, 8RM)
Bottom of the 8th over - 0 run(s), 0 hit(s), 0 error(s), 1 left on base; Indiana 5 - Louisville 1
TOP OF THE 9TH
Indiana Hoosiers batting - Pitching for Louisville Cardinals : RHP Luis Jaramillo
Batting: RHB Mark Chamberlin 0-0: Called Strike
0-1: SINGLE (Flyball, 8RS)
Batting: RHB Tom McCoy 0-0: Sac Bunt - play at first, batter OUT! 5-4
Mark Chamberlin to second
Batting: LHB Dave Joyner 0-0: Intentional Walk
Pitching: RHP Ray Holland
Batting: SHB Terry Christian 0-0: Ball
1-0: Called Strike
1-1: Ball
2-1: Fly out, F7 (Flyball, 7LS)
Batting: RHB Armando Bernard 0-0: Called Strike
0-1: Called Strike
0-2: Ball
1-2: Fielders Choice at 2nd, U6 (Groundball, 6M)
Top of the 9th over - 0 run(s), 1 hit(s), 0 error(s), 2 left on base; Indiana 5 - Louisville 1
BOTTOM OF THE 9TH
Louisville Cardinals batting - Pitching for Indiana Hoosiers : RHP Brian Atkins
Batting: RHB José González 0-0: Called Strike
0-1: Fly out, F3 (Popup, 4S)
Batting: RHB Doug Burke 0-0: Called Strike
0-1: Called Strike
0-2: Ball
1-2: Strikes out swinging
Batting: RHB Albert Galindo 0-0: Ground out 6-3 (Groundball, 6MS)
Bottom of the 9th over - 0 run(s), 0 hit(s), 0 error(s), 0 left on base; Indiana 5 - Louisville 1
This league is powered by Out of the Park Baseball, the baseball management simulation game for PC, Mac and Linux
Tuesday, August 2nd, 2016 - OOTP Baseball 16.8 Build 38